Unix NetHack Version 5.0.0-0 post-release - last build May 31 2026 23:59:36 (970b52f25bf058293b47ddfd14a1e40e571c508c,branch:main).

Game began 2026-06-05 16:16:05, ended 2026-06-06 17:05:57.

IanCurtis, chaotic male elven Wizard

                ....
                %@<.f
                )...
           h            G

             G

IanCurtis the Conjurer    St:9 Dx:16 Co:13 In:14 Wi:12 Ch:13  Chaotic
Dlvl:7  $:237 HP:0(37) Pw:12(59) AC:9  Xp:5 T:2763  Hungry   Burdened

Latest messages:
 You see here a visored helmet.
 You have a little trouble lifting a visored helmet.  Continue? [ynq] (q) n
 The kitten drops a hooded cloak.
 You miss the kobold shaman.
 You miss the kobold shaman.
 The kitten picks up a blue gem.
 You hit the kobold shaman.
 You miss the kobold shaman.
 The air crackles around the kobold shaman.
 You hit the kobold shaman.
 The kobold shaman points at you, then curses.
 You kill the kobold shaman!
 Your kitten eats a gnome corpse.
 You descend the stairs.
 You are beginning to feel hungry.
 In what direction? h
 The magic missile hits the giant spider!
 The giant spider bites!
 The kitten misses the giant spider.
 In what direction? h
 You kill the giant spider!
 You stumble into a spider web!
 The dwarf throws a stout spear!
 You are hit by a stout spear!
 You have a little trouble lifting a potion of enlightenment.  Continue? [ynq] (q) y
 You have a little trouble lifting N - a potion of enlightenment.
 O - a whistle.
 Your movements are slowed slightly because of your load.
 What do you want to drop? [$a-zA-CE-IK-O or ?*] O
 You drop a whistle.
 You hear some noises in the distance.
 You have a little trouble lifting O - a whistle.
 What do you want to use or apply? [cdl-psGKO or ?*] O
 You produce a high whistling sound.
 The dwarf wields a broad short sword!
 What do you want to drop? [$a-zA-CE-IK-O or ?*] O
 You drop a whistle.
 The gnome wields a crossbow!
 The crossbow welds itself to the gnome's hand!
 The gnome wields a crossbow!
 The dwarf thrusts her broad short sword.
 The dwarf hits!
 In what direction? h
 The spell hits the dwarf!
 You kill the dwarf!
 The gnome shoots 2 poisoned crossbow bolts!
 You are hit by the 1st poisoned crossbow bolt!
 You are hit by the 2nd poisoned crossbow bolt!
 You die...
 Do you want your possessions identified? [ynq] (y) q

Inventory:
 Coins    ('$')
  $ - 237 gold pieces
 Weapons  (')')
  I - a +0 crossbow bolt
  E - the blessed +2 Sting
  a - a blessed +1 quarterstaff (weapon in hands)
 Armor    ('[')
  b - an uncursed +0 cloak of magic resistance (being worn)
 Comestibles  ('%')
  r - an uncursed cram ration
  A - an uncursed melon
 Scrolls  ('?')
  C - a blessed scroll of blank paper
  F - an uncursed scroll of blank paper
  H - a blessed scroll of confuse monster
  k - an uncursed scroll of create monster
  q - a blessed scroll of destroy armor
  i - an uncursed scroll of destroy armor
  v - a blessed scroll of enchant armor
  B - a cursed scroll of identify
  j - 2 uncursed scrolls of scare monster
  u - an uncursed scroll of teleportation
 Spellbooks  ('+')
  l - a blessed spellbook of force bolt
  m - an uncursed spellbook of magic missile
  G - an uncursed spellbook of magic missile
 Potions  ('!')
  M - a blessed potion of blindness
  f - a blessed potion of enlightenment
  N - a cursed potion of enlightenment
  h - an uncursed potion of healing
  w - an uncursed potion of polymorph
  y - 2 uncursed potions of sleeping
  g - an uncursed potion of water
 Rings    ('=')
  x - an uncursed +2 ring of adornment
  z - a cursed ring of hunger named cursed
  e - an uncursed ring of invisibility
  L - an uncursed ring of polymorph
  t - an uncursed ring of sustain ability
 Wands    ('/')
  c - a wand of make invisible (0:5)
 Tools    ('(')
  p - an uncursed leather drum
  o - an uncursed blindfold
  n - a magic marker (0:20)
  d - a +0 pick-axe
  s - an uncursed stethoscope
  K - an uncursed tin whistle

IanCurtis the Wizard's attributes:

Background:
 You were a Conjurer, a level 5 male elven Wizard.
 You were chaotic, nominally on a mission for Anhur
 who was opposed by Ptah (lawful) and Thoth (neutral).
 You were right-handed.
 You were in the Gnomish Mines, on level 7.
 You entered the dungeon 2763 turns ago.
 You had 298 experience points, 22 more were needed to attain level 6.

Basics:
 You had 0 out of 37 hit points.
 You had 12 out of 59 energy points (spell power).
 Your armor class was 9.
 Your wallet contained 237 zorkmids.
 Autopickup was off.

Final Characteristics:
 Your strength was 9 (limit:18).
 Your dexterity was 16 (limit:18).
 Your constitution was 13 (limit:16).
 Your intelligence was 14 (limit:20).
 Your wisdom was 12 (limit:20).
 Your charisma was 13 (limit:18).

Final Status:
 You were trapped in a web.
 You were hungry.
 You were burdened; movement was slightly slowed.
 You were wielding a quarterstaff.
 You had basic skill with quarterstaff.

Final Attributes:
 You were piously aligned.
 You were magic-protected.
 You were sleep resistant.
 You were telepathic.
 You had infravision.
 You were warded.
 You are dead.

Miscellaneous:
 You didn't encounter any bones levels.
 Total elapsed playing time was 17 minutes and 5 seconds.

Major events:
 Turn
    1: IanCurtis the chaotic male elven Wizard entered the dungeon
  866: became literate by naming Sting
 1687: attained the rank of Conjurer (level 3)
 1783: entered the Gnomish Mines
 2763: killed by a crossbow bolt

Spells:
 Name                 Level Category     Fail Retention
 force bolt             1   attack         0%   81%-90%
 magic missile          2   attack         0%   81%-90%

Skills:
 Fighting Skills
   bare handed combat [Unskilled]
   riding             [Unskilled]
 Weapon Skills
   dagger             [Unskilled]
   knife              [Unskilled]
   axe                [Unskilled]
   short sword        [Unskilled]
   club               [Unskilled]
   mace               [Unskilled]
   quarterstaff       [Basic]
   polearms           [Unskilled]
   spear              [Unskilled]
   trident            [Unskilled]
   sling              [Unskilled]
   dart               [Unskilled]
   shuriken           [Unskilled]
 Spellcasting Skills
   attack spells      [Basic]
   healing spells     [Unskilled]
   divination spells  [Unskilled]
   enchantment spells [Basic]
   clerical spells    [Unskilled]
   escape spells      [Unskilled]
   matter spells      [Unskilled]

Voluntary challenges:
 Character rerolling was not enabled.
 You were an atheist.
 You never genocided any monsters.
 You never polymorphed an object.
 You never changed form.
 You used no wishes.
Achievements:
 You entered a shop.
 You attained the rank of Conjurer.
 You entered the Gnomish Mines.

 The Dungeons of Doom: levels 1 to 4
    Level 1: "vault"
       A sink, a grave.
    Level 2:
       A general store, a fountain.
    Level 3:
       A food shop, a fountain.
    Level 4:
       Stairs down to The Gnomish Mines.
 The Gnomish Mines: levels 5 to 7
    Level 5:
    Level 6:
    Level 7: <- You were here.
       Final resting place for
          you, killed by a crossbow bolt.


Vanquished creatures:
  a giant spider
  4 gnome leaders
  a straw golem
  2 floating eyes
  4 dwarves
  2 kobold shamans
 an orc zombie
 an acid blob
  3 hobbits
  a hobgoblin
 13 gnomes
  2 garter snakes
  a gnome zombie
  3 geckos
  4 jackals
  2 foxes
  2 kobolds
  2 sewer rats
  3 grid bugs
  5 lichens
  4 newts
61 creatures vanquished.

No species were genocided or became extinct.

Game over:
                       ----------
                      /          \
                     /    REST    \
                    /      IN      \
                   /     PEACE      \
                  /                  \
                  |    IanCurtis     |
                  |      237 Au      |
                  |   killed by a    |
                  |  crossbow bolt   |
                  |                  |
                  |                  |
                  |       2026       |
                 *|     *  *  *      | *
        _________)/\\_//(\/(/\)/\//\/|_)_______

Goodbye IanCurtis the Wizard...

You died in The Gnomish Mines on dungeon level 7 with 1706 points,
and 237 pieces of gold, after 2763 moves.
You were level 5 with a maximum of 37 hit points when you died.

